 Dungeon Crawl Stone Soup version 0.26.0-16-gc1dbca0489 (webtiles) character file.

Game seed: 16042439777439289286

41 thiole the Sneak (level 3, 0/21 HPs)
             Began as an Octopode Hedge Wizard on Jan 22, 2021.
             Slain by Terence
             ... wielding a +0 hand axe of distortion
              (16 damage)
             ... on level 2 of the Dungeon.
             The game lasted 00:01:34 (2058 turns).

thiole the Sneak (Octopode Hedge Wizard)            Turns: 2058, Time: 00:01:34

Health: 0/21       AC:  1    Str:  9    XL:     3   Next: 52%
Magic:  2/7        EV: 13    Int: 17    God:
Gold:   118        SH:  0    Dex: 11    Spells: 3/8 levels left

rFire    . . .     SeeInvis .   a - +0 dagger
rCold    . . .     Faith    .   (no shield)
rNeg     . . .     Spirit   .   b - +0 hat
rPois    .         Reflect  .   (no amulet)
rElec    .         Harm     .   (no ring)
rCorr    .         Rampage  .   (no ring)
Will     .....                  (no ring)
Stlth    +++.......             (no ring)
HPRegen  0.07/turn              (no ring)
MPRegen  0.10/turn              (no ring)
                                (no ring)
                                (no ring)

@: no status effects
A: almost no armour, stealthy swim, amphibious, 8 rings, constrict 8, camouflage
1, gelatinous body 1
a: no special abilities


You were on level 2 of the Dungeon.
You visited 1 branch of the dungeon, and saw 2 of its levels.

You collected 118 gold pieces.

Inventory:

Hand Weapons
 a - a +0 dagger (weapon)
Armour
 b - a +0 hat (worn)
Jewellery
 f - an uncursed amulet of guardian spirit {unknown}
 h - an uncursed ring of magical power {unknown}
Scrolls
 d - a scroll of identify {unknown}
 e - 3 scrolls of remove curse {unknown}
 i - a scroll of enchant weapon {unknown}
 j - a scroll of blinking {unknown}
 k - a scroll of teleportation {unknown}
Potions
 c - a potion of curing {unknown}
 g - 2 potions of might {unknown}


   Skills:
 - Level 2.0 Dodging
 + Level 3.4 Stealth
 + Level 3.2 Spellcasting
 - Level 2.0 Conjurations
 - Level 2.0 Summonings
 - Level 1.0 Translocations


You had 3 spell levels left.
You knew the following spells:

 Your Spells              Type           Power        Failure   Level
a - Magic Dart            Conj           36%          8%          1
b - Call Imp              Summ           9%           12%         2
c - Slow                  Hex            2%           26%         2

Your spell library contained the following spells:

 Spells                   Type           Power        Failure   Level
 Blink                    Tloc           N/A          17%         2
 Conjure Flame            Conj/Fire      6%           34%         3
 Mephitic Cloud           Conj/Pois/Air  4%           36%         3


Dungeon Overview and Level Annotations

Branches:
Dungeon (2/15)

Altars:
Zin

Annotations:
D:2 Terence


Innate Abilities, Weirdness & Mutations

You cannot wear most types of armour.
You are very stealthy in the water. (Stealth+)
You are amphibious.
You can wear up to eight rings at the same time.
You can use your tentacles to constrict eight enemies at once.
Your skin changes colour to match your surroundings (Stealth+).
Your rubbery body absorbs attacks. (AC +1, EV +1)


Message History

Your crimson imp hits Terence but does no damage.
Terence barely misses your crimson imp. x2
Your crimson imp hits Terence but does no damage.
Your crimson imp hits Terence but does no damage.
Terence hits your crimson imp but does no damage.
Space warps horribly around your crimson imp!!
Your crimson imp dies!
Terence misses your crimson imp.
Your crimson imp blinks!
Terence shouts, "Get ready for death!"
You hit Terence but do no damage. Your grab misses Terence.
Terence is lightly wounded.
Terence barely misses you.
You barely miss Terence. You grab Terence. You squeeze Terence.
Terence is lightly wounded.
You constrict Terence, but do no damage.
Terence hits you with a +0 hand axe of distortion.
Space warps horribly around you!
Ouch! That really hurt!
You die...

#.#.#.....# #.#...##
#.##...#### #......#
#.##...# #.#...##
#......######.##.##
####..........##.#
#.###########.# #.#
##'## #.# ##..†## #.###
#@....# #.#.## #.@.....#
######)...####.........#
............>+.........+
######....####...5.....#
#....## ##.......##
#....# ##.....## #.####
##...## #.# +#


You could see Terence and a friendly crimson imp (summoned).

Vanquished Creatures
  A worm (D:2)
  2 dart slugs
  3 leopard geckos (D:2)
  A ball python (D:2)
  2 goblins (D:2)
  4 hobgoblins
  4 bats
  2 frilled lizards
  A kobold (D:2)
  7 rats
27 creatures vanquished.

Vanquished Creatures (collateral kills)
  An adder (D:2)
1 creature vanquished.

Grand Total: 28 creatures vanquished

Notes
Turn   | Place    | Note
-------+----------+-------------------------------------------
     0 | D:1      | thiole the Octopode Hedge Wizard began the quest for the
                  | Orb.
     0 | D:1      | Reached XP level 1. HP: 11/11 MP: 4/4
   345 | D:1      | Reached XP level 2. HP: 17/17 MP: 3/6
   387 | D:1      | Learned a level 2 spell: Call Imp
   390 | D:1      | Learned a level 2 spell: Slow
  1168 | D:2      | Reached XP level 3. HP: 13/21 MP: 2/7
  1507 | D:2      | Found a glowing silver altar of Zin.
  2046 | D:2      | Noticed Terence
  2058 | D:2      | Slain by Terence

Illustrated notes

Levels and vault maps discovered:
D:1:      lightli_arrival_lavapool, layout_rooms, serial_forest,
          infiniplex_forest_clump_curved, infiniplex_forest_corner_1,
          infiniplex_forest_end_1, infiniplex_forest_fountain,
          infiniplex_forest_pool, infiniplex_forest_end_1,
          infiniplex_forest_corner_2, infiniplex_forest_clump_small,
          infiniplex_forest_lined_3
D:2:      layout_loops_corners, gammafunk_temple_overflow_statue,
          lemuel_crystal_altar, minmay_misc_feat_doors, uniq_terence

Skill      XL: |  1  2  3 |
---------------+----------+-----
Stealth        | 3 |  3.4
Conjurations   | 2 |  2.0
Summonings     | 2 |  2.0
Dodging        | |  2.0
Spellcasting   | |  3.2
Translocations | |  1.0

Action                   || total
-------------------------++-------
Melee: Dagger            ||    22
       Constrict         ||     5
       Tentacles         ||     7
 Cast: Magic Dart        ||    58
       Call Imp          ||     4
Armor: Skin              ||     1
Dodge: Dodged            ||     9
